 Dungeon Crawl Stone Soup version 0.29-a0-284-gf9362112df (webtiles) character file.

Game seed: 5038347251332984285

5095 drugrobin the Cleaver (level 10, -18/84 HPs)
             Began as a Demigod Fighter on Mar 15, 2022.
             Demolished by Harold
             ... wielding a +0 war axe
              (21 damage)
             ... on level 10 of the Dungeon.
             The game lasted 00:26:11 (14254 turns).

drugrobin the Cleaver (Demigod Fighter)            Turns: 14254, Time: 00:26:12

Health: -18/84     AC: 13    Str: 27 (29) XL:     10   Next: 10%
Magic:  13/13      EV:  8    Int: 13 (16) God:
Gold:   222        SH:  5    Dex: 18 (19) Spells: 9/9 levels left

rFire   . . .      SeeInvis +   b - +7 hunting sling of Linearity {speed, rN+ rCorr Int+6}
rCold   . . .      Faith    .   B - +0 buckler
rNeg    + . .      Spirit   .   K - +0 chain mail {rPois}
rPois   +          Reflect  .   L - +0 helmet
rElec   .          Harm     .   H - +1 cloak {Stlth+}
rCorr   +          Rampage  .   h - +0 pair of gloves
Will    +....                   (no boots)
Stlth   ..........              (no amulet)
HPRegen 0.24/turn               x - +6 ring of dexterity
MPRegen 0.13/turn               y - ring of see invisible

@: marked, attractive
A: high MP 1, forlorn, divine attributes
a: no special abilities


You were on level 10 of the Dungeon.
You visited 1 branch of the dungeon, and saw 10 of its levels.

You collected 501 gold pieces.
You spent 279 gold pieces at shops.

Inventory:

Hand Weapons
 a - a +0 war axe
 b - the +7 hunting sling of Linearity (weapon) {speed, rN+ rCorr Int+6}
   (You found it on level 4 of the Dungeon)

   Attacks with this weapon are significantly faster.
   Int:       It affects your intelligence (+6).
   rN:        It protects you from negative energy.
   rCorr:     It protects you from acid and corrosion.
 c - a +2 trident of venom
Missiles
 l - 6 poisoned darts
 I - 2 javelins
Armour
 h - a +0 pair of gloves (worn)
 B - a +0 buckler (worn)
 H - a +1 cloak of stealth (worn)
 K - a +0 chain mail of poison resistance (worn)
 L - a +0 helmet (worn)
 P - a +0 kite shield
Magical Staves
 v - a staff of poison
Jewellery
 x - a +6 ring of dexterity (left hand)
 y - a ring of see invisible (right hand)
 C - a ring of ice
Wands
 A - a wand of mindburst (2)
 E - a wand of iceblast (15)
 N - a wand of flame (8)
Scrolls
 e - a scroll of acquirement {unknown}
 f - a scroll of vulnerability {unknown}
 k - 10 scrolls of teleportation
 o - 2 scrolls of noise {unknown}
 p - a scroll of amnesia {unknown}
 q - 4 scrolls of identify
 s - 3 scrolls of fear {unknown}
 t - a scroll of brand weapon {unknown}
 u - 2 scrolls of magic mapping
 M - a scroll of enchant armour {unknown}
Potions
 d - a potion of might
 g - a potion of resistance {unknown}
 i - 2 potions of heal wounds {unknown}
 j - 3 potions of flight {unknown}
 m - a potion of mutation {unknown}
 n - 3 potions of degeneration
 r - 4 potions of attraction
 w - 2 potions of brilliance {unknown}
 z - 2 potions of magic {unknown}
 D - 2 potions of curing {unknown}
 F - a potion of cancellation {unknown}
 G - a potion of ambrosia {unknown}
 J - a potion of haste {unknown}


   Skills:
 + Level 6.4 Fighting
 + Level 12.5 Axes
 - Level 2.6 Armour
 - Level 2.6 Shields
 + Level 2.6 Evocations


You had 9 spell levels left.
You didn't know any spells.
Your spell library contained the following spells:

 Spells                   Type           Power      Damage    Failure   Level
 Pain                     Necr           0%         1d4       95%         1
 Summon Small Mammal      Summ           0%         N/A       95%         1
 Call Canine Familiar     Summ           0%         N/A       100%        3
 Confusing Touch          Hex            0%         N/A       100%        3
 Stone Arrow              Conj/Erth      0%         3d7       100%        3
 Summon Guardian Golem    Hex/Summ       0%         N/A       100%        3
 Animate Armour           Summ/Erth      0%         N/A       100%        4
 Agony                    Necr           0%         N/A       100%        5
 Excruciating Wounds      Necr           0%         N/A       100%        5
 Yara's Violent Unravell  Hex/Tmut       0%         3d3       100%        5
 Enfeeble                 Hex            0%         N/A       100%        7
 Lehudib's Crystal Spear  Conj/Erth      0%         10d2      100%        8


Dungeon Overview and Level Annotations

Branches:
Dungeon (10/15)            Temple (0/1) D:6
   Lair: D:8-11         Orc: D:9-12

Shops:
D:8 :*

Annotations:
D:6 5 runed translucent doors
D:9 Erolcha
D:10 3 runed translucent doors, Harold


Innate Abilities, Weirdness & Mutations

You have an increased reservoir of magic. (+10% MP)
You shall have no god before yourself.
Your divine heritage dramatically boosts your attributes as you level up.


Message History

The harpoon shot hits you!
You are yanked forward by the harpoon shot.
Harold gestures at you while chanting. A sentinel's mark forms upon you.
Things that are here:
a +2 robe of positive energy; a +2 dagger of chaos You see here a throwing net.
O - a throwing net Harold throws a throwing net.
The throwing net hits you.
You become entangled in the net!
Unknown command.
Unknown command.
You struggle against the net.
You struggle against the net.
Harold hits you with a +0 war axe!!
Unknown command.
Unknown command.
You struggle against the net.
Harold hits you with a +0 war axe!
Unknown command.
Unknown command.
You shred the net and break free! Harold hits you with a +0 war axe!!
* * * LOW HITPOINT WARNING * * *
Unknown command.
Unknown command.
Unknown command.
Throw: throwing net
Press: ? - help, Shift-Dir - straight line, f/p - Harold
Aim: Harold, wielding a +0 war axe and wearing a +1 ring mail of cold resistance (74% to hit)
You throw a throwing net. The throwing net barely misses Harold.
Harold hits you with a +0 war axe.
* * * LOW HITPOINT WARNING * * *
Unknown command.
It was a potion of attraction.
You feel attractive to monsters. Harold hits you with a +0 war axe!
* * * LOW HITPOINT WARNING * * *
It was a potion of degeneration.
There was something very wrong with that liquid.
You feel weakened.
You feel dopey.
You feel clumsy. Harold hits you with a +0 war axe!!
You die...

####.### #.######.#
##'## #.# #........#
#.# #.# #.######## #.#
#.# ##.## ##.#######
#.# ##...####
##......... ####.#
#.......# #.....#####
.....# ##...##.#
##....# #.. ######
##.###.########.#.###.#
### #@@..[..(........#
##########.#.#####
#.#.# # #.#.#####
########.#...)).
#........#######
#.#@###..# #.+3#..#
#.###..####


You could see Harold.

Vanquished Creatures
  Maggie (D:8)
  Psyche (D:10)
  Grinder (D:4)
  A shadow (D:10)
  11 yaks
  Grum (D:8)
  An acid dragon (D:5)
  2 water moccasins
  An orc warrior (D:7)
  5 ice beasts
  2 black bears
  2 sky beasts
  2 wolves (D:8)
  A phantom (D:5)
  A necrophage (D:6)
  A gnoll sergeant (D:10)
  4 bullfrogs
  A scorpion (D:6)
  3 howler monkeys (D:7)
  2 orc priests
  A gnoll shaman (D:3)
  An iron imp (D:6)
  An iguana (D:6)
  Natasha (thrice) (D:3)
  3 orc wizards
  7 gnolls
  9 adders
  A shadow imp (D:6)
  A white imp (D:7)
  2 ufetubi
  3 worms
  2 dart slugs
  20 orcs
  5 ball pythons
  A bat (D:2)
  9 endoplasms
  5 giant cockroaches
  6 goblins
  3 hobgoblins
  9 kobolds
  A quokka (D:4)
  3 frilled lizards
  4 rats
144 creatures vanquished.

Vanquished Creatures (others)
  A water elemental (D:10)
1 creature vanquished.

Grand Total: 145 creatures vanquished

Notes
Turn   | Place    | Note
-------+----------+-------------------------------------------
     0 | D:1      | drugrobin the Demigod Fighter began the quest for the Orb.
     0 | D:1      | Reached XP level 1. HP: 18/18 MP: 3/3
    15 | D:1      | Reached skill level 2 in Axes
   939 | D:1      | Reached XP level 2. HP: 8/25 MP: 4/4
  1633 | D:2      | Reached skill level 3 in Axes
  1798 | D:2      | Reached XP level 3. HP: 16/30 MP: 5/5
  2922 | D:3      | Noticed Natasha
  2931 | D:3      | Killed Natasha
  2932 | D:3      | Reached skill level 4 in Axes
  2932 | D:3      | Reached XP level 4. HP: 12/37 MP: 6/6
  3387 | D:3      | Noticed Natasha
  3392 | D:3      | Killed Natasha
  3621 | D:3      | Noticed Natasha
  3625 | D:3      | Killed Natasha
  3626 | D:3      | Reached skill level 5 in Axes
  3644 | D:3      | Reached XP level 5. HP: 42/42 MP: 7/7
  4432 | D:4      | Noticed a sky beast
  4603 | D:4      | Killed a sky beast
  4604 | D:4      | Reached skill level 6 in Axes
  4853 | D:4      | Reached XP level 6. HP: 50/50 MP: 8/8
  5234 | D:4      | Identified the +7 hunting sling of Linearity {speed, rN+
                  | rCorr Int+6}
  5969 | D:5      | Entered Level 5 of the Dungeon
  5974 | D:5      | Noticed Grinder
  5974 | D:5      | Paralysed by Grinder for 6 turns
  6510 | D:5      | Noticed an acid dragon
  6533 | D:5      | Killed an acid dragon
  6534 | D:5      | Reached skill level 7 in Axes
  6539 | D:5      | Reached XP level 7. HP: 38/56 MP: 9/9
  7142 | D:6      | Found a staircase to the Ecumenical Temple.
  7179 | D:5      | Reached skill level 8 in Axes
  7420 | D:6      | Found a runed translucent door.
  7594 | D:6      | Found a runed translucent door.
  7614 | D:6      | Found the +9 staff of Olgreb {rPois∞}
  7640 | D:6      | Found a runed translucent gate.
  7640 | D:6      | Found a runed translucent gate.
  7651 | D:6      | Found a runed translucent gate.
  7707 | D:6      | Reached skill level 9 in Axes
  8182 | D:7      | Reached XP level 8. HP: 54/62 MP: 10/10
  8446 | D:7      | Reached skill level 10 in Axes
  9486 | D:4      | Killed Grinder
 10302 | D:7      | Reached skill level 11 in Axes
 10372 | D:7      | Reached XP level 9. HP: 38/70 MP: 11/11
 11014 | D:8      | Noticed Maggie
 11020 | D:8      | Killed Maggie
 11099 | D:8      | Reached skill level 5 in Fighting
 11099 | D:8      | Noticed Grum
 11121 | D:8      | Killed Grum
 11122 | D:8      | Reached skill level 12 in Axes
 11612 | D:8      | Found Cipifob's General Store.
 11629 | D:8      | Bought a scroll of teleportation for 39 gold pieces
 11629 | D:8      | Bought a scroll of magic mapping for 45 gold pieces
 11629 | D:8      | Bought a ring of see invisible for 195 gold pieces
 11722 | D:8      | Found Yhuutyit's Book Shoppe.
 11977 | D:9      | Noticed Erolcha
 11981 | D:9      | Paralysed by Erolcha for 4 turns
 12085 | D:10     | Entered Level 10 of the Dungeon
 12373 | D:9      | Reached skill level 1 in Evocations
 12685 | D:10     | Reached XP level 10. HP: 74/83 MP: 13/13
 12753 | D:10     | Found a large runed translucent door.
 12755 | D:10     | Found a large runed translucent door.
 12959 | D:10     | Noticed Psyche
 13004 | D:10     | Killed Psyche
 13790 | D:9      | Noticed a two-headed ogre
 14200 | D:10     | Found a runed translucent door.
 14201 | D:10     | Noticed a sixfirhy
 14205 | D:10     | Noticed Harold
 14253 | D:10     | HP: 2/84 [Harold/+0 war axe (15)]
 14254 | D:10     | Demolished by Harold

Illustrated notes

Levels and vault maps discovered:
D:1:      saegor_arrival_simple_b, layout_basic
D:2:      layout_basic
D:3:      layout_loops_ring, grunt_qazlal_clouds, uniq_natasha
D:4:      layout_basic, kennysheep_little_box
D:5:      layout_basic, jmf_multi_god_temple,
          gammafunk_temple_overflow_elements, nicolae_figureground_pulse,
          uniq_grinder
D:6:      layout_gridville, fedhas_altar_3, slow_altar_1,
          minmay_temple_entry_stoned_glass,
          minmay_guarded_unrand_staff_of_olgreb
D:7:      layout_basic
D:8:      layout_rooms, serial_shops, shop, nicolae_shop_waterfront,
          due_unseen_surprise, uniq_maggie, uniq_grum
D:9:      nzn_winding_woodlands_large [nzn_winding_woodlands_5x5_cross,
          nzn_winding_woodlands_5x15_eye, nzn_winding_woodlands_hourglass,
          nzn_winding_woodlands_center_lodge,
          nzn_winding_woodlands_15x15_boxy_spiral,
          nzn_winding_woodlands_center_triple_pond,
          nzn_winding_woodlands_5x5_checkerboard,
          nzn_winding_woodlands_5x15_split_checker,
          nzn_winding_woodlands_5x5_default], layout_small_grid,
          lemuel_crystal_altar, lair_entry_dummy,
          nicolae_elevator_lobby_asterisk, uniq_erolcha
D:10:     cheibrodos_shockbox, layout_loops_corners,
          kennysheep_orc_monster_closet_entryway, lightli_elemental_guards,
          uniq_psyche, uniq_harold

Skill      XL: |  1  2  3  4  5  6  7  8  9 |
---------------+----------------------------+-----
Axes           | 2 3 4 5 6 7 9 11 12 | 12.5
Fighting       | 3 6 |  6.4
Evocations     | 2 |  2.6
Armour         | |  2.6
Shields        | |  2.6

Action                   |  1- 3 |  4- 6 |  7- 9 | 10-12 || total
-------------------------+-------+-------+-------+-------++-------
Melee: War axe           |    73 |   106 |   185 |    30 ||   394
       Whip              |       |    16 |    58 |    14 ||    88
       Unarmed           |       |       |       |     5 ||     5
 Fire: Hunting sling     |     6 |    54 |    43 |     4 ||   107
Throw: Javelin           |     2 |     3 |     3 |       ||     8
       Dart              |       |       |     1 |     1 ||     2
       Throwing net      |       |       |       |     1 ||     1
Evoke: Wand              |       |     5 |     7 |     2 ||    14
  Use: Scroll            |       |       |     2 |       ||     2
       Potion            |       |       |       |     2 ||     2
Armor: Scale mail        |    29 |     9 |       |       ||    38
       Plate armour      |       |    74 |   122 |       ||   196
       Chain mail        |       |       |    19 |    22 ||    41
Dodge: Dodged            |    23 |    27 |    60 |    18 ||   128
Block: Buckler           |    22 |    21 |    60 |    11 ||   114

Table legend: (Time is in decaauts)
 A = Elapsed time spent in this place.
 B = Non-inter-level travel time spent in this place.
 C = Inter-level travel time spent in this place.
 D = Time resting spent in this place.
 E = Time spent auto-exploring this place.
 F = Levels seen in this place.
 G = Mean time per level.
                   A        B        C        D        E       F      G
               +--------+--------+--------+--------+--------+-----+--------+
         Total |  14334 |  13291 |   1043 |   4122 |   6440 |  10 | 1433.4 |
       Dungeon |  14334 |  13291 |   1043 |   4122 |   6440 |  10 | 1433.4 |
               +--------+--------+--------+--------+--------+-----+--------+

Top non-repeatable levels by time:
     D:4: 2887 daAuts
     D:7: 1895 daAuts
     D:1: 1699 daAuts
     D:3: 1469 daAuts
     D:5: 1202 daAuts
    D:10: 1193 daAuts
     D:2: 1183 daAuts
     D:6: 1057 daAuts
     D:9: 973 daAuts
     D:8: 771 daAuts
